 Dungeon Sprint DCSS version 0.29-a0-723-gce39da1c22 (webtiles) character file.

Game seed: 1088306239686134212

700 manyhoops the Severer (level 7, -6/52 HPs)
             Began as a Formicid Fighter on June 28, 2022.
             Mangled by a boulder beetle (25 damage)
             ... in the Dungeon (Sprint II: "The Violet Keep of Menkaure").
             The game lasted 00:02:04 (590 turns).

manyhoops the Severer (Formicid Fighter)             Turns: 590, Time: 00:02:05

Health: -6/52      AC:  9    Str: 20    XL:     7   Next: 98%
Magic:  7/7        EV:  9    Int:  7    God:
Gold:   73         SH:  5    Dex: 13    Spells: 6/6 levels left

rFire   + + .      SeeInvis +   a - +0 war axe
rCold   . . .      Faith    .   c - +0 buckler
rNeg    . . .      Spirit   .   b - +0 scale mail
rPois   +          Reflect  .   (helmet unavailable)
rElec   .          Harm     +   (no cloak)
rCorr   .          Rampage  .   d - +0 pair of gloves of the Peculiar Visions {Harm rPois rF++ Str-3}
Will    .....                   f - +0 pair of boots
Stlth   ..........              (no amulet)
HPRegen 0.17/turn               (no ring)
MPRegen 0.10/turn               (no ring)

@: no status effects
A: permanent stasis, dig shafts and tunnels, antennae 3, four strong arms
a: Dig


You were in the Dungeon.
You visited 1 branch You collected 486 gold pieces.
You spent 413 gold pieces at shops.

Inventory:

Hand Weapons
 a - a +0 war axe (weapon)
Armour
 b - a +0 scale mail (worn)
 c - a +0 buckler (worn)
 d - the +0 pair of gloves of the Peculiar Visions (worn) {Harm rPois rF++ Str-3}
   (You bought it in a shop in the Dungeon)

   Str:       It affects your strength (-3).
   rF:        It greatly protects you from fire.
   rPois:     It protects you from poison.
   Harm:      It increases damage dealt and taken.
 f - a +0 pair of boots (worn)
Potions
 e - a potion of curing
 g - 2 potions of magic


   Skills:
 - Level 3.2 Fighting
 - Level 16.0 Axes
 + Level 3.2 Armour
 - Level 4.0 Shields


You had 6 spell levels left.
You didn't know any spells.
Your spell library was empty.

Dungeon Overview and Level Annotations

Branches:
Dungeon (1/1)

Altars:

Shops:
D !:([:(*([(!==?[

Annotations:
D exclusion: oklob plant


Innate Abilities, Weirdness & Mutations

You cannot be hasted, slowed, berserked, paralysed or teleported.
You can dig through walls and to a lower floor.
You have a pair of large antennae on your head. (SInv)
Your four strong arms can wield two-handed weapons with a shield.


Message History

You closely miss the water moccasin.
The water moccasin is heavily wounded.
You slash the water moccasin!
The water moccasin is almost dead.
The water moccasin closely misses you.
The water moccasin bites you but does no damage.
You hit the water moccasin.
You kill the water moccasin!
Your Axes skill increases to level 16!
There is an open door, spattered with blood here.
There is an open door, spattered with blood here.
You enter the shallow water.
Moving in this stuff is going to be slow.
There is an open door here.
There is an open door here.
Okay, then.
You open the door.
The boulder beetle curls into a ball and begins rolling! x2
There is an open door here.
The boulder beetle attacks as you move away!
The boulder beetle hits you!!
The boulder beetle stops rolling and uncurls.
You feel much better.
The boulder beetle leaps!
The boulder beetle bites you!
There is an open door, spattered with blood here.
Unknown command.
You are too injured to fight recklessly!
Unknown command.
You are too injured to fight recklessly!
Unknown command.
Unknown command.
You are too injured to fight recklessly!
Unknown command.
You are too injured to fight recklessly!
You barely miss the boulder beetle.
The boulder beetle leaps!
The boulder beetle bites you!!
* * * LOW HITPOINT WARNING * * *
You feel much better.
The boulder beetle leaps! x2
The boulder beetle bites you!!
You die...

{{{ {{{ ≈##{ ≈S≈ {
##########≈≈#+++#++
#########≈≈≈......
........#≈≈≈≈.##+# {
....⌠...#≈≈≈≈###.###
...∩.∩..#≈≈≈≈#..#..#
..∩.∩.∩.#≈≈####.#.## #
.∩.∩.∩.∩#≈##.###'## B##
..∩...∩.#≈#...##@##...#
.∩.....∩'≈'##.'.B.'#
∩.......#≈#.####.##..$#
▓▓▓▓▓▓###≈##.# #°# .##
(hJ######≈≈####.).# #
$.h#SS ##≈≈≈#.B#..#
∩P{+S.#+ +#≈##. .##
?.$#)##. { ≈≈## ##
/..###.. ≈≈


You could see 2 boulder beetles.

Vanquished Creatures
  A merfolk siren (D)
  A water moccasin (D)
  4 scorpions (D)
  3 worms (D)
9 creatures vanquished.

Vanquished Creatures (others)
  Menkaure (D)
  A water moccasin (D)
2 creatures vanquished.

Grand Total: 11 creatures vanquished

Notes
Turn   | Place    | Note
-------+----------+-------------------------------------------
     0 | D        | manyhoops the Formicid Fighter began the quest for the Orb.
     0 | D        | Reached XP level 1. HP: 18/18 MP: 1/1
     1 | D        | Noticed a scorpion
     1 | D        | Noticed a scorpion
     1 | D        | Noticed a scorpion
     1 | D        | Noticed a scorpion
    12 | D        | Reached skill level 3 in Axes
    15 | D        | Reached skill level 4 in Axes
    15 | D        | Reached XP level 2. HP: 22/24 MP: 2/2
    34 | D        | Noticed a boulder beetle
    34 | D        | Noticed a boulder beetle
    38 | D        | Noticed a merfolk siren
    42 | D        | Killed Menkaure
    58 | D        | Killed a merfolk siren
    59 | D        | Reached skill level 13 in Axes
    59 | D        | Reached XP level 3. HP: 10/29 MP: 3/3
    59 | D        | Reached XP level 4. HP: 12/35 MP: 4/4
    59 | D        | Reached XP level 5. HP: 15/41 MP: 5/5
    59 | D        | Reached XP level 6. HP: 17/47 MP: 6/6
   234 | D        | Killed a water moccasin
   257 | D        | Reached skill level 14 in Axes
   257 | D        | Reached XP level 7. HP: 51/52 MP: 7/7
   270 | D        | Reached skill level 15 in Axes
   517 | D        | Found Faqin's Jewellery Shoppe.
   517 | D        | Found Inicit Qyes's Magic Scroll Shoppe.
   517 | D        | Found Piowiad's Distillery.
   517 | D        | Found Nurph's Weapon Shoppe.
   517 | D        | Found Hirow's Jewellery Emporium.
   517 | D        | Found Nolliq's Armour Shoppe.
   517 | D        | Found Ujupya's Antique Weapon Shoppe.
   517 | D        | Found Hoodghimi's Assorted Antiques.
   524 | D        | Found Iploll's Antique Weapon Shoppe.
   524 | D        | Found Kourch's Book Emporium.
   524 | D        | Noticed a slime creature
   525 | D        | Found Otemneph's Antique Armour Emporium.
   526 | D        | Found Kask's Antique Armour Shoppe.
   526 | D        | Found Ixtiytic's Antique Weapon Emporium.
   526 | D        | Noticed a water moccasin
   526 | D        | Noticed a slime creature
   526 | D        | Noticed a slime creature
   526 | D        | Noticed an oklob plant
   527 | D        | Found Oleziame's Distillery.
   527 | D        | Found Weig's Book Shoppe.
   530 | D        | Bought a pair of transparent gloves for 199 gold pieces
   530 | D        | Identified the +0 pair of gloves of the Peculiar Visions
                  | {Harm rPois rF++ Str-3} (You bought it in a shop in the
                  | Dungeon)
   537 | D        | Bought a pair of boots for 94 gold pieces
   547 | D        | Noticed a water moccasin
   547 | D        | Noticed a water moccasin
   548 | D        | Noticed a water moccasin
   560 | D        | Bought 2 potions of heal wounds for 120 gold pieces
   569 | D        | Killed a water moccasin
   570 | D        | Reached skill level 16 in Axes
   590 | D        | Mangled by a boulder beetle

Illustrated notes

Levels and vault maps discovered:
D:        the_violet_keep_of_menkaure [sprint2_stairs_cluster_1,
          sprint2_shoproom, sprint2_temple, sprint2_basic_supplies,
          sprint2_obstacle_4, sprint2_obstacle_2, sprint2_obstacle_7,
          sprint2_obstacle_6, sprint2_obstacle_1, sprint2_timed_cluster_1,
          sprint2_smallroom_cluster_1, sprint2_smallroom_final_cluster_1,
          sprint2_transparent_cluster_1, sprint2_second_timed_cluster_1,
          sprint2_sniper_area_1, sprint2_heavy_combat_area_1,
          sprint2_mutation_trap_area_1, sprint2_forest_area_1,
          sprint2_light_combat_area_1, sprint2_behind_water_1,
          sprint2_near_end_vault_1]

Skill      XL: |  1  2  3  4  5  6  7 |
---------------+----------------------+-----
Axes           | 4 13 14 16 | 16.0
Fighting       | |  3.2
Armour         | |  3.2
Shields        | |  4.0

Action                   |  1- 3 |  4- 6 |  7- 9 || total
-------------------------+-------+-------+-------++-------
Melee: War axe           |    26 |     3 |    22 ||    51
  Use: Potion            |     2 |       |     2 ||     4
Armor: Scale mail        |     1 |     1 |     6 ||     8
Dodge: Dodged            |     4 |     1 |     3 ||     8
Block: Buckler           |     1 |       |     1 ||     2

Table legend: (Time is in decaauts)
 A = Elapsed time spent in this place.
 B = Non-inter-level travel time spent in this place.
 C = Inter-level travel time spent in this place.
 D = Time resting spent in this place.
 E = Time spent auto-exploring this place.
 F = Levels seen in this place.
 G = Mean time per level.
                   A        B        C        D        E       F      G
               +--------+--------+--------+--------+--------+-----+--------+
         Total |    595 |    595 |      0 |    429 |      0 |   1 |  595.0 |
       Dungeon |    595 |    595 |      0 |    429 |      0 |   1 |  595.0 |
               +--------+--------+--------+--------+--------+-----+--------+

Top non-repeatable levels by time:
       D: 595 daAuts
